 Dungeon Crawl Stone Soup version 0.31-a0-95-g6fa058ef04 (webtiles) character file.

Game seed: 16746933771955024266

624360 flord the Conqueror (level 26, 266/266 HPs)
             Began as a Minotaur Fighter on Feb 17, 2023.
             Was the Champion of the Shining One.
             Quit the game on level 1 of the Lair of Beasts on May 25, 2023.
             The game lasted 05:33:21 (70058 turns).

flord the Conqueror (Minotaur Fighter)             Turns: 70058, Time: 05:33:21

Health: 266/266    AC: 40    Str: 45    XL:     26   Next: 60%
Magic:  33/33      EV: 23    Int:  8    God:    the Shining One [******]
Gold:   5558       SH: 31    Dex: 17    Spells: 34/34 levels left

rFire   + + .        N - +7 broad axe of Ancient Evil {elec, Int+4 SInv}
rCold   + + +        U - +0 tower shield
rNeg    + + +        W - +7 gold dragon scales
rPois   +            t - -2 hat of the Alchemist {rElec rPois rF+ rC+ rN+ Will+ rMut rCorr}
rElec   +            e - +2 cloak
rCorr   +            c - +0 pair of gloves of Okawaru {Will++ Regen+}
SInv    +            j - +0 pair of boots
Will    +++++        y - amulet of reflection Stlth
                     i - ring "Hymeujod" {Str+6 Dex+4}
HPRegen 1.44/turn    d - ring of Reidue {rC+ Will+ Str+6}
MPRegen 0.23/turn

%: reflection, resist mutation
@: glowing
A: horns 2, retaliatory headbutt, talons 1, high MP 1, strong 1
}: 4/15 runes: serpentine, barnacled, silver, abyssal
a: Renounce Religion, Divine Shield, Cleansing Flame, Summon Divine Warrior,
Brand Weapon With Holy Wrath


You were on level 1 of the Lair of Beasts.
You worshipped the Shining One.
The Shining One was exalted by your worship.
You visited 12 branches of the dungeon, and saw 51 of its levels.
You visited the Abyss 1 time.
You visited 1 bazaar.
You also visited: Ossuary and Wizlab.

You collected 7506 gold pieces.
You spent 1948 gold pieces at shops.

Inventory:

Hand Weapons
 N - the +7 broad axe of Ancient Evil (weapon) {elec, Int+4 SInv}
   (Okawaru gifted it to you on level 12 of the Dungeon)

   Int:       It affects your intelligence (+4).
   SInv:      It lets you see invisible.
Missiles
 w - 53 boomerangs (quivered)
Armour
 c - the +0 pair of gloves of Okawaru (worn) {Will++ Regen+}
   (Okawaru gifted it to you on level 14 of the Dungeon)

   Regen:     It increases your rate of health regeneration.
   Will:      It greatly increases your willpower.
 e - a +2 cloak (worn)
 j - a +0 pair of boots (worn)
 k - a +0 plate armour
 t - the -2 hat of the Alchemist (worn) {rElec rPois rF+ rC+ rN+ Will+ rMut rCorr}
   (You bought it in a shop on level 2 of the Orcish Mines)

   rF:        It protects you from fire.
   rC:        It protects you from cold.
   rElec:     It insulates you from electricity.
   rPois:     It protects you from poison.
   rN:        It protects you from negative energy.
   rCorr:     It protects you from acid and corrosion.
   rMut:      It protects you from mutation.
   Will:      It increases your willpower.
 U - a +0 tower shield (worn)
 W - +7 gold dragon scales (worn)
Jewellery
 a - an amulet of magic regeneration
 d - the ring of Reidue (right hand) {rC+ Will+ Str+6}
   (You acquired it on level 1 of the Vaults)

   [ring of strength]

   Str:       It affects your strength (+6).
   rC:        It protects you from cold.
   Will:      It increases your willpower.
 i - the ring "Hymeujod" (left hand) {Str+6 Dex+4}
   (You took it off a deep elf demonologist on level 3 of the Elven Halls)

   [ring of strength]

   Str:       It affects your strength (+6).
   Dex:       It affects your dexterity (+4).
 q - an amulet of guardian spirit
 s - a ring of flight
 u - a ring of positive energy
 y - an amulet of reflection (around neck)
 D - the ring of Heov {rF+ rC+ Will+}
   (You found it on level 2 of the Crypt)

   [ring of willpower]

   rF:        It protects you from fire.
   rC:        It protects you from cold.
   Will:      It increases your willpower.
Wands
 n - a wand of digging (2)
 Y - a wand of mindburst (26)
Scrolls
 b - 4 scrolls of fear
 v - 16 scrolls of teleportation
 H - 8 scrolls of fog
 K - 6 scrolls of poison
 O - 4 scrolls of magic mapping
 R - 10 scrolls of blinking
 S - 4 scrolls of silence
Potions
 f - 6 potions of brilliance
 g - 13 potions of heal wounds
 m - 2 potions of invisibility
 o - 8 potions of cancellation
 p - 5 potions of magic
 r - 21 potions of curing
 x - 5 potions of might
 A - 3 potions of berserk rage
 B - 10 potions of lignification
 C - 6 potions of enlightenment
 J - 2 potions of ambrosia
 L - 6 potions of haste
 V - a potion of resistance
 X - 6 potions of mutation
Miscellaneous
 h - the horn of Geryon


   Skills:
 O Level 27 Fighting
 - Level 15.9(16.3) Axes
 - Level 6.0(12.0) Maces & Flails
 O Level 27 Armour
 O Level 27 Dodging
 O Level 27 Shields
 * Level 4.8 Spellcasting
 - Level 11.6 Invocations


You had 34 spell levels left.
You didn't know any spells.
Your spell library contained the following spells:

 Spells                   Type           Power      Damage    Failure   Level
 Apportation              Tloc           2%         N/A       63%         1
 Magic Dart               Conj           4%         1d3       63%         1
 Necrotise                Necr           4%         1d4       63%         1
 Slow                     Hex            4%         N/A       63%         1
 Summon Small Mammal      Summ           4%         N/A       63%         1
 Blink                    Tloc           2%         N/A       77%         2
 Call Imp                 Summ           2%         N/A       77%         2
 Lesser Beckoning         Tloc           2%         N/A       77%         2
 Ensorcelled Hibernation  Hex/Ice        0%         N/A       85%         2
 Momentum Strike          Conj/Tloc      0%         3d8       85%         2
 Passwall                 Tmut/Erth      0%         N/A       85%         2
 Poisonous Vapours        Pois/Air       0%         N/A       85%         2
 Cigotuvi's Dreadful Rot  Necr/Pois/Air  0%         N/A       87%         2
 Call Canine Familiar     Summ           1%         N/A       94%         3
 Confusing Touch          Hex            1%         N/A       94%         3
 Ozocubu's Armour         Ice            1%         N/A       94%         3
 Swiftness                Air            1%         N/A       94%         3
 Tukima's Dance           Hex            1%         N/A       94%         3
 Vampiric Draining        Necr           1%         2d6       94%         3
 Dazzling Flash           Conj/Hex       0%         N/A       97%         3
 Portal Projectile        Hex/Tloc       0%         N/A       97%         3
 Spider Form              Tmut/Pois      0%         N/A       97%         3
 Stone Arrow              Conj/Erth      0%         3d7       97%         3
 Summon Guardian Golem    Hex/Summ       0%         N/A       97%         3
 Volatile Blastmotes      Fire/Tloc      0%         2d10      97%         3
 Anguish                  Hex/Necr       0%         N/A       100%        4
 Animate Armour           Summ/Erth      0%         N/A       100%        4
 Cause Fear               Hex            0%         N/A       100%        4
 Dispel Undead            Necr           1%         3d6       100%        4
 Fulminant Prism          Conj/Hex       0%         3d5       100%        4
 Iskenderun's Mystic Bla  Conj/Tloc      0%         2d3       100%        4
 Leda's Liquefaction      Hex/Erth       0%         N/A       100%        4
 Manifold Assault         Tloc           1%         N/A       100%        4
 Olgreb's Toxic Radiance  Pois           1%         N/A       100%        4
 Passage of Golubria      Tloc           1%         N/A       100%        4
 Petrify                  Tmut/Erth      0%         N/A       100%        4
 Agony                    Necr           1%         N/A       100%        5
 Alistair's Intoxication  Tmut/Pois      0%         N/A       100%        5
 Blade Hands              Tmut           0%         N/A       100%        5
 Borgnjor's Vile Clutch   Necr/Erth      0%         N/A       100%        5
 Fireball                 Conj/Fire      0%         3d3       100%        5
 Irradiate                Conj/Tmut      0%         3d11      100%        5
 Iskenderun's Battlesphe  Conj           1%         2d6       100%        5
 Lee's Rapid Deconstruct  Erth           0%         3d4*      100%        5
 Metabolic Englaciation   Hex/Ice        0%         N/A       100%        5
 Silence                  Hex/Air        0%         N/A       100%        5
 Yara's Violent Unravell  Hex/Tmut       0%         3d3       100%        5
 Conjure Ball Lightning   Conj/Air       0%         3x3d6     100%        6
 Death Channel            Necr           0%         N/A       100%        6
 Dispersal                Tloc           0%         N/A       100%        6
 Eringya's Noxious Bog    Tmut/Pois      0%         N/A       100%        6
 Leda's Unmaking          Conj/Erth      0%         9d1       100%        6
 Simulacrum               Ice/Necr       0%         N/A       100%        6
 Starburst                Conj/Fire      0%         6d3       100%        6
 Statue Form              Tmut/Erth      0%         N/A       100%        6
 Dragon Form              Tmut           0%         N/A       100%        7
 Enfeeble                 Hex            0%         N/A       100%        7
 Orb of Destruction       Conj           0%         9d5       100%        7
 Ozocubu's Refrigeration  Ice            0%         4d7       100%        7
 Spellforged Servitor     Conj/Summ      0%         N/A       100%        7
 Borgnjor's Revivificati  Necr           0%         N/A       100%        8
 Discord                  Hex            0%         N/A       100%        8
 Disjunction              Tloc           0%         N/A       100%        8
 Lehudib's Crystal Spear  Conj/Erth      0%         10d2      100%        8
 Chain Lightning          Conj/Air       0%         N/A       100%        9
 Dragon's Call            Summ           0%         N/A       100%        9


Dungeon Overview and Level Annotations

Branches:
Dungeon (15/15)            Temple (1/1) D:6            Lair (5/5) D:10
 Shoals (4/4) Lair:3        Snake (4/4) Lair:3        Slime (0/5) Lair:5
    Orc (2/2) D:12            Elf (3/3) Orc:2        Vaults (5/5) D:14
  Crypt (3/3) Vaults:2       Tomb (0/3) Crypt:3      Depths (4/4) D:15
   Hell (visited)             Dis (0/7) Hell            Geh (0/7) Hell
    Coc (0/7) Hell            Tar (0/7) Hell            Zot (4/5) Depths:4
Ossuary (visited)          WizLab (visited)

Altars:
Ashenzari
Cheibriados
Dithmenos
Elyvilon
Fedhas
Gozag
Hepliaklqana
Kikubaaqudgha
Makhleb
Nemelex Xobeh
Okawaru
Qazlal
Ru
Sif Muna
Trog
Uskayaw
Vehumet
Wu Jian
Xom
Yredelemnul
Zin
The Shining One
Jiyva

Shops:
D:5 ?   D:10 =   D:12 [   Orc:1 *   Orc:2 [?:[   Elf:2 :=:=   Elf:3 =
Shoals:2 ?   Shoals:3 (   Depths:4 [

Portals:
Hell: Depths:1 Depths:2 Depths:3 Depths:4
Abyss: Depths:2 Depths:3 Depths:4
Pandemonium: Depths:2
Ziggurat: Depths:1

Annotations:
D:6 1 runed translucent door, Crazy Yiuf
Lair:3 exclusion: oklob plant
Lair:5 1 runed translucent door
Crypt:3 2 transporters, exclusion: obsidian statue, Neiqej's ghost, legendary FoFi; Vetoew's ghost, veteran DsSu


Innate Abilities, Weirdness & Mutations

You have a pair of horns on your head.
You reflexively headbutt those who attack you in melee.
You have sharp toenails.
You have an increased reservoir of magic. (+10% MP)
Your muscles are strong. (Str +4, Int/Dex -1)


Message History

There is a stone staircase leading down here.
There is an open door, spattered with blood here.
Things that are here:
a +0 falchion; a +0 shortbow
There is an open door here.
There is an open door here.
There is an open door here.
There is an open door here.
There is a stone staircase leading up here.
You climb upwards.
There is a stone staircase leading down here.
There is an open door here.
There is a stone staircase leading up here.
You climb upwards.
There is a stone staircase leading down here.
There is a stone staircase leading up here.
You climb upwards.
There is a stone staircase leading down here.
There is a stone staircase leading up here.
You climb upwards.
There is a stone staircase leading down here.
There is a staircase to the Lair here.
You climb downwards.
Welcome back to the Lair of Beasts!
There is a staircase back to the Dungeon, spattered with blood here.
You see here 4 curare-tipped darts.
Items here: )))))))))))).
Items here: ????.
Items here: )))))))))))).
You drop a +5 demon whip.
Items here: ????.
Saving game... please wait.
Welcome back, flord the Minotaur Fighter.
The Shining One says: Lead the forces of light to victory!
Press ? for a list of commands and other information.
Unknown command.
Unknown command.
Okay, then.
Unknown command.
Okay, then.
Are you sure you want to abandon this character and quit the game? (Confirm with "yes".)

# ##.#.# ##...#### #
##.## #<.## # #..#
#..# # ##.P# #####.(#
##[.## #...#..## #..##
#...##..###### ##.##
#.......##...## ##.##
##..[)(...###.# #.##
######...=@/..## #.#
.## ##..#..........#
#.# ##
##..............# #^#
##
#..##...#######.####.#
.# ##.###.### ##.##P.#
.###.## ### #.###.#
......# ###.# #.#
#....## #..## #.#
##...# ##.#.# #.#


There were no monsters in sight!

Vanquished Creatures
  3 dread liches
  4 ancient liches
  Mara (Vaults:2)
  An orb of fire (Zot:4)
  3 juggernauts
  Boris (Vaults:4)
  Josephina (Zot:4)
  Saint Roka (Vaults:1)
  A Head Instructor (WizLab)
  2 Killer Klowns
  Geryon (Hell)
  Vashnia (Snake:3)
  2 curse toes
  7 golden dragons
  5 bone dragons (Abyss:3)
  Nikola (Vaults:3)
  A profane servitor (Abyss:3)
  2 electric golems (Zot:3)
  Rupert (D:13)
  Jorgrun (Snake:3)
  A Hell Sentinel (Abyss:3)
  A hellephant (Depths:3)
  16 tentacled monstrosities
  A walking earthen tome (Depths:3)
  9 liches
  15 titans
  3 deep elf blademasters
  5 deep elf master archers
  An Executioner (Abyss:3)
  8 sphinxes
  11 tentacled starspawn (Abyss:3)
  5 quicksilver dragons
  Agnes (Snake:4)
  10 ancient champions
  10 death cobs
  Frances (D:12)
  Donald (Vaults:1)
  5 shadow dragons
  7 draconian monks
  4 tengu reavers
  4 revenants
  8 storm dragons
  8 nagarajas
  24 frost giants
  20 fire giants
  2 iron dragons
  2 balrugs
  4 draconian knights
  4 deep elf sorcerers
  12 vault wardens
  A cacodemon (Abyss:3)
  3 ghost moths
  A caustic shrike zombie (Depths:2)
  3 curse skulls
  Louise (Snake:2)
  22 ironbound preservers
  5 deep elf elementalists (Elf:3)
  A ghoul (Crypt:2)
  2 draconian stormcallers
  25 very ugly things
  8 draconian shifters
  2 orc warlords (Orc:2)
  4 reapers (Hell)
  An ophan (Abyss:3)
  5 war gargoyles
  6 draconian annihilators
  10 vampire knights
  A juggernaut skeleton (Depths:2)
  3 deep elf demonologists (Elf:3)
  11 green draconians
  23 stone giants
  7 ironbound thunderhulks
  11 black draconians
  A dire elephant (Vaults:1)
  10 purple draconians
  11 white draconians
  2 spark wasps (Depths:4)
  9 deep elf annihilators (Elf:3)
  17 red draconians
  2 lorocyprocas
  Azrael (Snake:3)
  13 yellow draconians
  4 iron golems
  3 eidola
  11 ettins
  6 deep elf death magi
  10 merfolk impalers
  7 fire dragons
  A green death (Abyss:3)
  A blizzard demon (Hell)
  7 merfolk javelineers
  5 jiangshi
  12 great orbs of eyes
  4 hydras (Lair:5)
  A quicksilver dragon skeleton (Crypt:3)
  A deep elf high priest (Vaults:4)
  9 yaktaur captains
  2 salamander tyrants (Snake:4)
  3 spriggan zombies
  Erolcha (D:9)
  12 ice dragons
  A peacekeeper (Vaults:4)
  A great orb of eyes (shapeshifter) (Depths:3)
  3 spriggan air magi
  2 rakshasas
  A catoblepas (Lair:4)
  A merfolk avatar (Shoals:4)
  A jorogumo (shapeshifter) (Vaults:5)
  14 centaur warriors
  4 merfolk aquamancers
  The ghost of TheSexyCheese the Ruffian, a novice TrFi (D:10)
  36 vault guards
  3 boulder beetles
  An ogre mage (Vaults:4)
  3 spriggan skeletons
  12 ironbound frosthearts
  34 dancing weapons
  2 satyrs
  11 two-headed ogres
  The ghost of lotum the Frost Mage, a journeyman DsIE of Vehumet (D:12)
  2 alligator snapping turtles
  5 anacondas
  2 death yaks (Lair:4)
  11 deep troll shamans
  18 naga warriors
  4 death knights
  6 vampire magi
  10 deep troll earth magi
  2 spriggan berserkers (D:15)
  11 hell hogs
  5 shock serpents
  8 sun demons
  2 tengu warriors
  5 thrashing horrors (Abyss:3)
  An orc high priest (Orc:2)
  A spriggan (D:15)
  18 naga sharpshooters
  Nergalle (Lair:3)
  24 deep elf knights
  10 soul eaters
  23 hell knights
  2 golden dragon zombies
  14 iron trolls
  4 shadow wraiths
  Lodul (D:14)
  11 large abominations
  Amaemon (D:11)
  5 wretched stars
  A spark wasp zombie (Depths:2)
  95 deep trolls
  8 salamander mystics
  An orb spider (Abyss:2)
  6 skysharks
  38 skeletal warriors
  7 spatial maelstroms (Abyss:3)
  An iron giant skeleton (Crypt:3)
  3 shadow demons
  2 glowing orange brains
  25 sea snakes
  22 ironbound convokers
  7 flayed ghosts
  A spriggan simulacrum (Hell)
  12 phantasmal warriors
  A sphinx zombie (Depths:2)
  8 naga ritualists
  10 lindwurms
  A tengu zombie (Depths:2)
  13 harpies
  A shadow dragon zombie (Crypt:2)
  An anaconda skeleton (Crypt:1)
  18 deep elf archers
  11 necromancers
  9 wizards
  2 wolf spider zombies (D:12)
  18 deep elf pyromancers
  A jorogumo zombie (Crypt:3)
  37 deep elf zephyrmancers
  5 cyclopes
  10 mana vipers
  A mana viper (shapeshifter) (Vaults:1)
  8 orc knights
  7 orc sorcerers
  2 tengu skeletons
  A shadow dragon skeleton (Depths:2)
  29 ugly things
  6 fauns
  An iron dragon skeleton (Depths:2)
  3 worldbinders (Abyss:3)
  17 manticores
  A stone giant zombie (D:15)
  A will-o-the-wisp (Abyss:3)
  A salamander (shapeshifter) (Abyss:3)
  A spectral centaur (D:12)
  A guardian serpent (shapeshifter) (D:13)
  8 salamanders
  19 moths of wrath
  18 naga magi
  5 rust devils (Hell)
  3 fire giant skeletons
  A frost giant skeleton (Depths:2)
  17 vault sentinels
  3 stone giant skeletons
  7 merfolk sirens
  4 guardian serpents
  An eye of devastation (Abyss:3)
  2 gargoyles (D:13)
  A naga zombie (Crypt:1)
  6 molten gargoyles
  28 black mambas
  3 elephants (Lair:3)
  17 smoke demons
  10 water nymphs
  6 apocalypse crabs (Abyss:3)
  A demonic crawler (Depths:2)
  An alligator snapping turtle zombie (Crypt:1)
  A dire elephant skeleton (Hell)
  4 orange demons
  2 storm dragon simulacra (Zot:4)
  5 cane toads
  2 hellions (Depths:2)
  A torpor snail (Lair:4)
  An elf skeleton (Vaults:2)
  Maggie (D:7)
  12 komodo dragons
  A spectral naga (Snake:3)
  A rime drake (shapeshifter) (D:15)
  A rime drake (Lair:3)
  A swamp worm zombie (Crypt:1)
  An unseen horror (shapeshifter) (D:13)
  22 yaktaurs
  A spectral redback (D:12)
  4 tengu conjurers
  9 freezing wraiths
  2 tormentors
  An ice devil (Hell)
  A green draconian skeleton (Crypt:2)
  An unseen horror (D:11)
  A yaktaur skeleton (Vaults:2)
  A golden dragon simulacrum (Zot:4)
  7 wind drakes
  6 meliai
  A red devil (Depths:2)
  A harpy zombie (Crypt:1)
  6 ancient zymes
  32 merfolk
  A queen bee (shapeshifter) (Elf:1)
  6 trolls
  3 hornets
  2 tarantellas (shapeshifter)
  A harpy skeleton (Crypt:1)
  An ettin zombie (Abyss:3)
  8 snapping turtles
  7 dream sheep
  A boulder beetle zombie (Crypt:3)
  12 raiju (Abyss:3)
  6 saltlings (Orc:2)
  43 slime creatures
  2 slime creatures (shapeshifter)
  10 blink frogs (Lair:3)
  2 dream sheep (shapeshifter)
  14 flying skulls
  A jumping spider (shapeshifter) (Elf:3)
  2 shadows
  2 stone giant simulacra
  5 ynoxinuls (Abyss:3)
  Sigmund (D:6)
  A vampire (D:10)
  3 air elementals
  2 centaur simulacra (D:12)
  A deep troll skeleton (Vaults:2)
  4 ettin skeletons
  11 wyverns
  42 yaks
  13 water elementals
  14 wraiths
  An orc simulacrum (Crypt:1)
  A yak (shapeshifter) (Abyss:3)
  Eustachio (D:6)
  A golden eye (Abyss:3)
  3 steam dragons
  A fire bat (Abyss:3)
  7 fire elementals
  9 humans (D:14)
  4 basilisks
  3 chaos spawn (Abyss:3)
  10 neqoxecs
  A purple draconian simulacrum (Zot:4)
  8 spatial vortices (Abyss:3)
  A water nymph zombie (Crypt:1)
  7 vampire mosquitoes
  A harpy simulacrum (Hell)
  Duvessa (D:4)
  4 acid dragons
  47 nagas
  A swamp worm (shapeshifter) (Vaults:5)
  2 glowing shapeshifter zombies (Depths:2)
  4 wargs (Orc:2)
  11 water moccasins
  2 glowing shapeshifter skeletons
  6 hell hounds
  A merfolk skeleton (Crypt:2)
  A floating eye (shapeshifter) (Vaults:4)
  33 orc warriors
  3 human skeletons (Vaults:2)
  A hornet zombie (Crypt:2)
  4 sky beasts
  A black bear (shapeshifter) (D:14)
  A demonspawn skeleton (Crypt:3)
  4 ice beasts
  3 black bears
  17 ogres
  6 boggarts
  20 centaurs
  A manticore skeleton (Crypt:1)
  21 starcursed masses
  A torpor snail zombie (Crypt:1)
  4 phantoms
  19 small abominations
  4 kobold brigands
  An elf zombie (Ossuary)
  A necrophage (D:6)
  13 bullfrogs
  A naga simulacrum (Hell)
  3 gnoll sergeants
  A scorpion (D:4)
  An earth elemental (Elf:1)
  A water moccasin zombie (D:3)
  11 wights
  A water moccasin skeleton (Crypt:3)
  6 killer bees (D:7)
  Dowan (D:4)
  A raiju zombie (Crypt:2)
  5 howler monkeys
  4 electric eels (D:6)
  A wolf zombie (Crypt:3)
  5 lava snakes (Lair:5)
  3 centaur zombies
  2 quasits
  6 jellies
  14 orc priests
  2 hounds
  A spectral boggart (D:12)
  2 iron imps (Abyss:3)
  6 iguanas
  25 orc wizards
  A scorpion zombie (D:3)
  A boggart skeleton (Crypt:3)
  4 ogre zombies (Ossuary)
  A naga skeleton (Crypt:1)
  2 boggart simulacra (D:12)
  7 mummies (Ossuary)
  14 gnolls
  11 adders
  2 shadow imps
  A swamp drake skeleton (Crypt:3)
  4 white imps
  3 ufetubi (Abyss:3)
  5 adder zombies (Ossuary)
  A worm (D:2)
  3 dart slugs
  89 orcs
  A bat zombie (Crypt:2)
  6 endoplasms
  3 giant cockroaches
  A gnoll zombie (Ossuary)
  4 goblins
  8 hobgoblins
  6 jackals (D:1)
  4 quokkas
  5 ball pythons
  2 ball python skeletons
  5 bats
  A frilled lizard (D:1)
  A gnoll skeleton (Crypt:1)
  A goblin zombie (Ossuary)
  4 hobgoblin zombies (Ossuary)
  17 kobolds
  3 kobold zombies (Ossuary)
  4 quokka zombies (Ossuary)
  4 rats
  6 rat zombies (Ossuary)
  A lurking horror (Abyss:3)
  14 starspawn tentacles (Abyss:3)
2521 creatures vanquished.

Vanquished Creatures (collateral kills)
  A death knight (Crypt:2)
  2 skeletal warriors (Crypt:2)
  A naga mage (WizLab)
4 creatures vanquished.

Vanquished Creatures (others)
  A fire giant (Depths:2)
  A deep elf annihilator (Vaults:5)
  A vault guard (D:14)
  A centaur warrior (Vaults:2)
  A deep elf knight (Crypt:3)
  2 deep elf pyromancers
  A manticore (Shoals:1)
  A salamander (Snake:4)
  A black mamba (Snake:1)
  A human (D:14)
  A small abomination (Abyss:2)
  18 starspawn tentacles (Abyss:3)
30 creatures vanquished.

Grand Total: 2555 creatures vanquished

Notes
Turn   | Place    | Note
-------+----------+-------------------------------------------
     0 | D:1      | flord the Minotaur Fighter began the quest for the Orb.
     0 | D:1      | Reached XP level 1. HP: 19/19 MP: 0/0
   169 | D:1      | Reached XP level 2. HP: 27/27 MP: 1/1
   677 | D:2      | Reached XP level 3. HP: 33/33 MP: 2/2
   745 | D:2      | Noticed a phantom
   764 | D:2      | Killed a phantom
   765 | D:2      | Reached skill level 5 in Axes
   765 | D:2      | Reached XP level 4. HP: 35/40 MP: 3/3
   868 | D:2      | Reached XP level 5. HP: 42/46 MP: 4/4
  1444 | D:3      | Identified the +6 dagger of Innocence {pain, rPois}
  1524 | D:3      | Found a shadowy altar of Dithmenos.
  1525 | D:3      | Found a white marble altar of Elyvilon.
  1525 | D:3      | Found an ornate altar of the Wu Jian Council.
  1867 | D:3      | Reached XP level 6. HP: 45/52 MP: 5/5
  1896 | D:3      | Found a basalt altar of Yredelemnul.
  2300 | D:4      | Reached XP level 7. HP: 46/58 MP: 6/6
  2497 | D:4      | Reached skill level 10 in Axes
  2710 | D:4      | Noticed Duvessa
  2710 | D:4      | Noticed Dowan
  2732 | D:4      | Killed Duvessa
  2735 | D:4      | Killed Dowan
  2920 | D:4      | Gained mutation: You occasionally lose the ability to read
                  | scrolls when taking damage. [potion of mutation]
  2920 | D:4      | Gained mutation: You have sharp fingernails. [potion of
                  | mutation]
  2920 | D:4      | Gained mutation: You are somewhat resistant to further
                  | mutation. [potion of mutation]
  2934 | D:5      | Entered Level 5 of the Dungeon
  2940 | D:4      | Reached XP level 8. HP: 66/66 MP: 7/7
  2979 | D:5      | Reached skill level 5 in Armour
  3094 | D:5      | Found an opulent altar of Gozag.
  3642 | D:5      | Found Faceod's Magic Scroll Emporium.
  3687 | D:5      | Noticed a +0 short sword
  3688 | D:5      | Noticed a +0 short sword
  3688 | D:5      | Noticed a +0 falchion
  3689 | D:5      | Noticed a +0 dagger
  3689 | D:5      | Noticed a +0 falchion
  3689 | D:5      | Noticed a +0 dagger
  3690 | D:5      | Noticed a +0 spear
  3690 | D:5      | Noticed a +0 spear
  3692 | D:5      | Found a hide-covered altar of Uskayaw.
  4500 | D:6      | Noticed Eustachio
  4520 | D:6      | Killed Eustachio
  4559 | D:6      | Reached XP level 9. HP: 41/71 MP: 8/8
  4765 | D:6      | Reached skill level 10 in Armour
  4878 | D:6      | Found a staircase to the Ecumenical Temple.
  4890 | Temple   | Entered the Ecumenical Temple
  4899 | Temple   | Became a worshipper of Warmaster Okawaru
  4967 | D:6      | Noticed Sigmund
  5231 | D:6      | Killed Sigmund
  5267 | D:6      | Found a runed translucent door.
  5268 | D:6      | Noticed Crazy Yiuf
  6332 | D:6      | Reached skill level 5 in Shields
  6801 | D:7      | Reached * piety under Okawaru
  6842 | D:7      | Found a sand-covered staircase.
  6878 | Ossuary  | Entered an ossuary
  7695 | D:7      | Identified the +0 short sword "Sarcophage" {venom, *Slow
                  | rF++ rC+ Int+3}
  7840 | D:7      | Noticed Maggie
  8162 | D:7      | Killed Maggie
  8162 | D:7      | Reached ** piety under Okawaru
  8163 | D:7      | Reached XP level 10. HP: 33/77 MP: 7/9
  8700 | D:7      | Reached skill level 10 in Shields
  9280 | D:8      | Reached skill level 5 in Fighting
  9630 | D:8      | Reached *** piety under Okawaru
  9741 | D:8      | Noticed a boulder beetle
  9759 | D:8      | Killed a boulder beetle
  9947 | D:8      | Identified the +6 arbalest of No Interval {drain, rElec
                  | Int-4 Dex+3}
  9983 | D:8      | Noticed a tengu warrior
 10084 | D:8      | Reached skill level 10 in Fighting
 10406 | D:8      | Killed a tengu warrior
 10555 | D:8      | Reached **** piety under Okawaru
 10585 | D:8      | Reached XP level 11. HP: 102/102 MP: 10/10
 10607 | D:9      | Noticed Erolcha
 10857 | D:9      | Found a glowing golden altar of the Shining One.
 11711 | D:10     | Entered Level 10 of the Dungeon
 11778 | D:10     | Found a runed translucent door.
 11779 | D:10     | Found a shimmering altar of Xom.
 11779 | D:10     | Noticed TheSexyCheese's ghost (novice TrFi)
 11780 | D:10     | Noticed a +1 mace of chaos
 11785 | D:10     | Found Disup's Jewellery Shop.
 11898 | D:10     | Noticed a two-headed ogre
 11915 | D:10     | Killed a two-headed ogre
 11942 | D:10     | Reached ***** piety under Okawaru
 12022 | D:10     | Found a staircase to the Lair.
 12082 | D:10     | Found the amulet of Elemental Vulnerability {rPois rF--
                  | rC-- AC+8}
 12592 | D:11     | Noticed a two-headed ogre
 12674 | D:10     | Received a gift from Okawaru
 13262 | D:11     | Noticed a tengu warrior
 13277 | D:11     | Killed a tengu warrior
 13343 | D:11     | Noticed Amaemon
 13413 | D:11     | Killed a two-headed ogre
 13413 | D:11     | Identified the +1 executioner's axe "Maloa" {antimagic,
                  | rPois rF+ Will+} (Okawaru gifted it to you on level 11 of
                  | the Dungeon)
 13413 | D:11     | Received a gift from Okawaru
 13534 | D:11     | Reached skill level 15 in Axes
 13671 | D:11     | Killed Amaemon
 14025 | D:11     | Noticed a boulder beetle
 14037 | D:11     | Killed a boulder beetle
 14038 | D:11     | Reached skill level 1 in Maces & Flails
 14038 | D:11     | Reached skill level 1 in Invocations
 14432 | Lair:1   | Entered Level 1 of the Lair of Beasts
 14437 | Lair:1   | Reached XP level 12. HP: 110/110 MP: 12/12
 15331 | Lair:2   | Noticed a boulder beetle
 15353 | Lair:2   | Killed a boulder beetle
 15989 | Lair:2   | Reached skill level 5 in Invocations
 16091 | Lair:2   | Received a gift from Okawaru
 16448 | Lair:3   | Reached skill level 5 in Maces & Flails
 16909 | Lair:3   | Received a gift from Okawaru
 16909 | Lair:3   | Reached ****** piety under Okawaru
 17335 | Lair:3   | Noticed Nergalle
 17353 | Lair:3   | Killed Nergalle
 17396 | Lair:3   | Found a staircase to the Shoals.
 17409 | Lair:3   | Found a staircase to the Snake Pit.
 18007 | D:12     | Noticed Frances
 18029 | D:12     | Killed Frances
 18030 | D:12     | Reached XP level 13. HP: 58/116 MP: 11/19
 18245 | D:12     | Found a runed translucent gate.
 18245 | D:12     | Found a runed translucent gate.
 18249 | D:12     | Found a runed translucent gate.
 18250 | D:12     | Noticed lotum's ghost (journeyman DsIE)
 18278 | D:12     | Found Teboez's Armour Emporium.
 18578 | D:12     | Reached skill level 10 in Invocations
 18964 | D:12     | Found a staircase to the Orcish Mines.
 19439 | D:12     | Identified the +7 broad axe of Ancient Evil {elec, Int+4
                  | SInv} (Okawaru gifted it to you on level 12 of the Dungeon)
 19439 | D:12     | Received a gift from Okawaru
 19688 | Orc:1    | Entered Level 1 of the Orcish Mines
 19700 | Orc:1    | Paralysed by an orc sorcerer for 5 turns
 20318 | Orc:1    | Found Mebonata's Overcharged Wands.
 20512 | Orc:2    | Entered Level 2 of the Orcish Mines
 20726 | D:13     | Reached skill level 1 in Dodging
 20757 | D:13     | Found a glowing golden altar of the Shining One.
 21083 | D:13     | Noticed Rupert
 21097 | D:13     | Paralysed by Rupert for 3 turns
 21441 | D:13     | Identified the +1 hat of Tartarus {Dex+3 Stlth+} (Okawaru
                  | gifted it to you on level 13 of the Dungeon)
 21441 | D:13     | Received a gift from Okawaru
 21585 | D:13     | Lost mutation: You are somewhat resistant to further
                  | mutation. [potion of mutation]
 21585 | D:13     | Lost mutation: You have sharp fingernails. [potion of
                  | mutation]
 21585 | D:13     | Gained mutation: You are agile. (Dex +4, Str/Int -1)
                  | [potion of mutation]
 21619 | D:13     | Killed Rupert
 21960 | D:14     | Noticed Lodul
 22129 | D:14     | Killed Lodul
 23018 | D:14     | Reached XP level 14. HP: 123/126 MP: 21/21
 23312 | D:14     | Found a gate to the Vaults.
 23612 | D:15     | Entered Level 15 of the Dungeon
 23620 | D:14     | Identified the +0 pair of gloves of Okawaru {Will++ Regen+}
                  | (Okawaru gifted it to you on level 14 of the Dungeon)
 23620 | D:14     | Received a gift from Okawaru
 23697 | D:15     | Reached skill level 5 in Dodging
 24192 | Lair:4   | Identified the +5 trident of Ignis's Hope {heavy, Int+5}
 24709 | Lair:5   | Entered Level 5 of the Lair of Beasts
 24820 | Lair:5   | Found a runed translucent door.
 24827 | Lair:5   | Found a viscous altar of Jiyva.
 24830 | Lair:5   | Found a staircase to the Slime Pits.
 24830 | Lair:5   | Noticed an acid blob
 25113 | Lair:5   | Received a gift from Okawaru
 25139 | Lair:5   | Found a large runed translucent door.
 25410 | Lair:5   | Found a large runed translucent door.
 26282 | Snake:1  | Entered Level 1 of the Snake Pit
 26407 | Snake:1  | Identified the +1 pair of gloves "Efotaos" {rCorr} (Okawaru
                  | gifted it to you on level 1 of the Snake Pit)
 26407 | Snake:1  | Received a gift from Okawaru
 26516 | Snake:1  | HP: 6/129 [naga warrior/+0 war axe (11)]
 26710 | Snake:1  | Reached XP level 15. HP: 137/137 MP: 22/22
 27423 | Snake:1  | Received a gift from Okawaru
 28154 | Snake:2  | Noticed a nagaraja
 28161 | Snake:2  | Killed a nagaraja
 28241 | Snake:3  | Noticed a nagaraja
 28257 | Snake:2  | Killed a nagaraja
 28803 | Snake:3  | Noticed Azrael
 28835 | Snake:3  | Killed Azrael
 28970 | Snake:3  | Noticed Jorgrun
 29133 | Snake:3  | Killed Jorgrun
 29376 | Snake:3  | Noticed Vashnia
 29489 | Snake:3  | Noticed Louise
 29582 | Snake:2  | Killed Louise
 29583 | Snake:2  | Reached skill level 15 in Fighting
 29593 | Snake:3  | Reached skill level 15 in Armour
 29640 | Snake:3  | Killed Vashnia
 29642 | Snake:3  | Reached skill level 10 in Dodging
 30023 | Snake:4  | Entered Level 4 of the Snake Pit
 30079 | Snake:4  | Reached XP level 16. HP: 146/149 MP: 23/23
 30111 | Snake:4  | Identified the +6 plate armour of the Three Bones {rN+ MP+9
                  | Int+3} (Okawaru gifted it to you on level 4 of the Snake
                  | Pit)
 30111 | Snake:4  | Received a gift from Okawaru
 30521 | Snake:4  | Reached skill level 15 in Shields
 30645 | Snake:4  | Noticed Agnes
 30654 | Snake:4  | Killed Agnes
 31392 | Snake:4  | Identified the +7 war axe "Dolissaenn" {holy, Str-4 Int+5}
                  | (Okawaru gifted it to you on level 4 of the Snake Pit)
 31392 | Snake:4  | Received a gift from Okawaru
 31715 | Snake:4  | Got a serpentine rune of Zot
 32064 | Shoals:1 | Entered Level 1 of the Shoals
 32205 | Shoals:1 | Lost mutation: You occasionally lose the ability to read
                  | scrolls when taking damage. [potion of mutation]
 32205 | Shoals:1 | Lost mutation: You are agile. (Dex +4, Str/Int -1) [potion
                  | of mutation]
 32205 | Shoals:1 | Gained mutation: You have an increased reservoir of magic.
                  | (+10% MP) [potion of mutation]
 32205 | Shoals:1 | Gained mutation: Your muscles are strong. (Str +4, Int/Dex
                  | -1) [potion of mutation]
 32241 | Shoals:1 | Received a gift from Okawaru
 32657 | Shoals:1 | Reached XP level 17. HP: 160/160 MP: 27/27
 33076 | Shoals:2 | Found Pudoti's Magic Scroll Shoppe.
 33164 | Shoals:2 | Received a gift from Okawaru
 34221 | Shoals:3 | Identified the +0 pair of boots of Vadov {Harm Int+7}
                  | (Okawaru gifted it to you on level 3 of the Shoals)
 34221 | Shoals:3 | Received a gift from Okawaru
 34498 | Shoals:3 | Found Itriqoda's Antique Weapon Shop.
 35071 | Shoals:3 | Identified the +1 animal skin of the Unbroken {rElec rN+}
 35096 | Shoals:4 | Entered Level 4 of the Shoals
 35711 | Shoals:4 | Identified the ring "Qapnekk" {*Corrode rPois Str+4 Dex+6
                  | Stlth+}
 35745 | Shoals:4 | Identified the +1 leather armour "Nekammet" {rN++ Int+2
                  | SInv}
 36543 | Shoals:3 | Identified the +1 hat "Lekup" {rElec rCorr Str+3} (Okawaru
                  | gifted it to you on level 3 of the Shoals)
 36543 | Shoals:3 | Received a gift from Okawaru
 37099 | Shoals:4 | Got a barnacled rune of Zot
 37624 | D:9      | Killed Erolcha
 37726 | D:12     | Killed lotum's ghost
 37744 | D:12     | Got the Spellbook of Galvanic Unhallowed Words
 37848 | D:10     | Reached XP level 18. HP: 169/172 MP: 28/28
 37850 | D:10     | Killed TheSexyCheese's ghost
 38561 | Orc:2    | Found a staircase to the Elven Halls.
 38997 | Orc:2    | Found Vaosh's Armour Emporium.
 39017 | Orc:2    | Found Kajoasycky's Magic Scroll Boutique.
 39066 | Orc:2    | Found Ejiecsel's Book Boutique.
 39097 | Orc:2    | Found Efacs's Armour Shop.
 39109 | Orc:2    | Bought the -2 hat of the Alchemist {rElec rPois rF+ rC+ rN+
                  | Will+ rMut rCorr} for 613 gold pieces
 39109 | Orc:2    | Found the -2 hat of the Alchemist {rElec rPois rF+ rC+ rN+
                  | Will+ rMut rCorr}
 39289 | Elf:1    | Entered Level 1 of the Elven Halls
 39305 | Elf:1    | Received a gift from Okawaru
 39549 | Elf:1    | Received a gift from Okawaru
 40088 | Elf:2    | Found Obemurchi's Jewellery Shoppe.
 40158 | Elf:2    | Paralysed by an air elemental for 1 turns
 40176 | Elf:2    | Found Segratwu's Book Boutique.
 40177 | Elf:2    | Found Rezxiv's Jewellery Shoppe.
 40178 | Elf:2    | Found Besoji's Book Boutique.
 40186 | Elf:2    | Bought the ring of Qonam {Will+ Dex+6 Stlth+} for 873 gold
                  | pieces
 40375 | Elf:2    | Found a runed translucent gate.
 40375 | Elf:2    | Found a runed translucent gate.
 40377 | Elf:2    | Found a runed translucent gate.
 41106 | Elf:3    | Entered Level 3 of the Elven Halls
 41336 | Elf:3    | Paralysed by an air elemental for 1 turns
 41339 | Elf:3    | Found Beodoezo's Jewellery Boutique.
 41646 | Elf:3    | Reached skill level 15 in Dodging
 41696 | Elf:3    | Identified the +3 leather armour of Ridel {Dex+5}
 41913 | Elf:3    | Reached XP level 19. HP: 138/183 MP: 29/29
 42004 | Elf:3    | Received a gift from Okawaru
 42067 | Elf:3    | Identified the ring "Hymeujod" {Str+6 Dex+4}
 42167 | Elf:3    | Identified the +5 trident of Noon {pain, rElec rN+ rCorr
                  | Str-3}
 42201 | Elf:3    | Noticed a Tzitzimitl
 42309 | Elf:3    | Identified the +6 sling of the End of Times {freeze, Will+}
 42460 | Elf:3    | Paralysed by an air elemental for 1 turns
 42654 | Elf:3    | Identified the +1 dire flail "Boseitog" {vamp, rF+ rCorr}
 42665 | Elf:3    | Identified the +5 scimitar of the Foot {vamp, rElec rC++
                  | Str-5}
 42744 | Elf:3    | Got Exkar's Almanac of the Barracuda
 42755 | Elf:3    | Got the Almanac of Subzero Hexes
 43406 | D:15     | Found a staircase to the Depths.
 43421 | D:15     | Identified the ring "Notingefyur" {rPois Dex+4}
 43825 | Depths:1 | Entered Level 1 of the Depths
 44323 | Depths:1 | Identified the +1 scale mail of the Pink Corner {Drain
                  | Dex+5} (Okawaru gifted it to you on level 1 of the Depths)
 44323 | Depths:1 | Received a gift from Okawaru
 44331 | Depths:1 | Noticed a dread lich
 44332 | Depths:1 | Noticed a dread lich
 44333 | Depths:1 | Found a one-way gateway to a ziggurat.
 44477 | Depths:1 | Found a snail-covered altar of Cheibriados.
 44530 | Depths:1 | Identified the +5 sling of Hauselat {flame, MP+9}
 44590 | Depths:1 | Identified the +0 robe of Bad Feelings {Archmagi}
 44642 | Depths:1 | Identified the +8 chain mail "Fophinou" {-Cast rElec rC++
                  | Regen+}
 44719 | Depths:1 | Found a gateway to Hell.
 44732 | Depths:1 | Identified the +3 great sword of Qeogedd {freeze, Dex+6}
 44930 | Depths:2 | Found a one-way gate to the infinite horrors of the Abyss.
 45091 | Depths:2 | Found a one-way gate leading to the halls of Pandemonium.
 45110 | Depths:2 | Found a shadowy altar of Dithmenos.
 45176 | Depths:2 | Reached XP level 20. HP: 192/195 MP: 30/30
 45731 | Depths:2 | Received a gift from Okawaru
 46339 | Depths:3 | Noticed a juggernaut
 46355 | Depths:3 | Killed a juggernaut
 46407 | Depths:3 | Identified the +10 scimitar of the Thieving Rat {heavy,
                  | *Rage rF+ rCorr MP+9}
 46452 | Depths:3 | Identified the +8 broad axe of Pethruips {spect, rElec
                  | rPois Int+4 Dex+2}
 46502 | Depths:3 | Noticed a juggernaut
 46522 | Depths:3 | Killed a juggernaut
 47119 | Depths:4 | Entered Level 4 of the Depths
 47136 | Depths:4 | Identified the +1 chain mail of the Crushed Wars {Rampage}
                  | (Okawaru gifted it to you on level 4 of the Depths)
 47136 | Depths:4 | Received a gift from Okawaru
 47942 | Depths:4 | Reached XP level 21. HP: 207/207 MP: 31/31
 48031 | Depths:4 | Identified the +2 robe of the Armadillo {rElec} (Okawaru
                  | gifted it to you on level 4 of the Depths)
 48031 | Depths:4 | Received a gift from Okawaru
 48106 | Depths:4 | Noticed a juggernaut
 48114 | Depths:4 | Killed a juggernaut
 48274 | Depths:4 | Found Vukaargh's Antique Armour Shop.
 48705 | Depths:4 | Noticed a golden dragon
 48737 | Depths:4 | Killed a golden dragon
 48895 | Depths:4 | Found a gate to the Realm of Zot.
 49439 | Vaults:1 | Entered Level 1 of the Vaults
 49602 | Vaults:1 | Noticed Saint Roka
 49752 | Vaults:1 | Killed Saint Roka
 49819 | Vaults:1 | Noticed Donald
 49825 | Vaults:1 | Killed Donald
 50027 | Vaults:1 | Identified a scroll of acquirement
 50036 | Vaults:1 | Acquired the ring of Reidue {rC+ Will+ Str+6}
 50462 | Vaults:1 | Received a gift from Okawaru
 50485 | Vaults:1 | Identified the +9 plate armour of Wesad {Will+}
 50920 | Vaults:2 | Found a staircase to the Crypt.
 51155 | Vaults:2 | Received a gift from Okawaru
 51295 | Vaults:2 | Noticed Mara
 51301 | Vaults:2 | Noticed flord's illusion
 51306 | Vaults:2 | Killed Mara
 51680 | Vaults:2 | Reached XP level 22. HP: 224/224 MP: 32/32
 51839 | Vaults:3 | Found a flickering gateway to a bazaar.
 51871 | Bazaar   | Entered a bazaar
 51873 | Bazaar   | Found Zicuggua's Antique Armour Boutique.
 51877 | Bazaar   | Found Soghobi's Book Boutique.
 51877 | Bazaar   | Found Tocw's Antique Armour Boutique.
 51877 | Bazaar   | Found Azeaqu's Assorted Antiques.
 51910 | Bazaar   | Bought a scroll of blinking for 120 gold pieces
 51915 | Bazaar   | Bought a pair of transparent gloves for 342 gold pieces
 51915 | Bazaar   | Identified the +0 pair of gloves of Soumoddo {rF++ Will-}
                  | (You bought it in a shop in a bazaar)
 51986 | Vaults:3 | Identified the +5 kite shield of Noon {rF- Regen+ Str+2
                  | Int+8} (Okawaru gifted it to you on level 3 of the Vaults)
 51986 | Vaults:3 | Received a gift from Okawaru
 52071 | Vaults:3 | Noticed Nikola
 52085 | Vaults:3 | Killed Nikola
 52193 | Vaults:3 | Identified the +9 dagger of Causality {spect, Dex+3}
 53742 | Vaults:4 | Received a gift from Okawaru
 54330 | Vaults:5 | Entered Level 5 of the Vaults
 54476 | Vaults:5 | Reached XP level 23. HP: 203/236 MP: 33/33
 54599 | Vaults:5 | Got the Papyrus of the Faeries
 54911 | Vaults:4 | Received a gift from Okawaru
 55122 | Vaults:5 | Noticed a dread lich
 55126 | Vaults:5 | Noticed an ancient lich
 55153 | Vaults:4 | Killed a dread lich
 55158 | Vaults:5 | Noticed Boris
 55205 | Vaults:4 | Killed Boris
 55324 | Vaults:4 | Killed an ancient lich
 55394 | Vaults:4 | Identified the +2 ring mail "Juost" {*Corrode rPois rF+++
                  | Stlth-} (Okawaru gifted it to you on level 4 of the Vaults)
 55394 | Vaults:4 | Received a gift from Okawaru
 55457 | Vaults:5 | Identified the +6 shortbow of Equilibrium {freeze, *Slow
                  | Will+ Int+4}
 55576 | Vaults:5 | Noticed an ancient lich
 55576 | Vaults:5 | Identified the +5 flail "Fuvvi" {vamp, +Blink rPois rF++
                  | Stlth-}
 55642 | Vaults:4 | Killed an ancient lich
 56247 | Vaults:5 | Got a silver rune of Zot
 56454 | Vaults:5 | Identified the +0 triple sword of the Pharaoh's Fist {pain,
                  | Will+}
 56547 | Vaults:5 | Got Nurr's Encyclopedia of the Repulsive Boggart
 56575 | Vaults:5 | Identified the +0 kite shield of Sacsounweo {Harm}
 56754 | Vaults:5 | Identified the +7 falchion of Foolhardiness {elec, Str+4}
 57518 | Zot:1    | Entered Level 1 of the Realm of Zot
 57534 | Zot:1    | Identified the +10 hand axe "Hol Memu" {heavy, *Corrode rF+
                  | rC+ Str+3}
 58028 | Zot:1    | Identified the +1 crystal plate armour of the Hanged Man
                  | {rF++ Str+2 Dex-4} (Okawaru gifted it to you on level 1 of
                  | the Realm of Zot)
 58028 | Zot:1    | Received a gift from Okawaru
 58472 | Zot:2    | Noticed a curse toe
 58483 | Zot:2    | Killed a curse toe
 58493 | Zot:2    | Reached XP level 24. HP: 247/247 MP: 33/33
 58494 | Zot:2    | Noticed a Killer Klown
 58595 | Zot:1    | Killed a Killer Klown
 58739 | Zot:2    | Reached skill level 27 in Fighting
 60264 | Zot:3    | Identified the +2 pair of gloves of Gravity {-Tele rN+
                  | Will+} (Okawaru gifted it to you on level 3 of the Realm of
                  | Zot)
 60264 | Zot:3    | Received a gift from Okawaru
 61348 | Zot:4    | Identified the ring "Xiywecul" {Ice rCorr Str-3 Int+5
                  | Stlth+}
 61348 | Zot:4    | Noticed Josephina
 61367 | Zot:4    | Killed Josephina
 61465 | Zot:4    | Noticed an orb of fire
 61494 | Zot:4    | Killed an orb of fire
 61792 | Zot:4    | Noticed a Killer Klown
 61806 | Zot:4    | Killed a Killer Klown
 62742 | D:9      | Fell from the grace of Okawaru
 62742 | D:9      | Became a worshipper of the Shining One
 62988 | Crypt:1  | Entered Level 1 of the Crypt
 63021 | Crypt:1  | Reached * piety under the Shining One
 63178 | Crypt:1  | Reached ** piety under the Shining One
 63366 | Crypt:1  | Reached XP level 25. HP: 257/257 MP: 33/33
 63382 | Crypt:1  | Reached *** piety under the Shining One
 63691 | Crypt:1  | Reached **** piety under the Shining One
 64125 | Crypt:2  | Reached ***** piety under the Shining One
 64139 | Crypt:2  | Found a transporter.
 64425 | Crypt:2  | Found a transporter.
 64457 | Crypt:2  | Found a magical portal.
 64464 | WizLab   | Entered Yara's Duelist Academy
 64626 | WizLab   | Noticed Boavur
 64642 | WizLab   | Killed Boavur the Head Instructor
 65251 | Crypt:2  | Noticed a dread lich
 65270 | Crypt:2  | Killed a dread lich
 65315 | Crypt:2  | Identified the ring of Heov {rF+ rC+ Will+}
 65327 | Crypt:2  | Identified the ring "Vesu" {Ice rN+ Int+4 SInv}
 65389 | Crypt:3  | Entered Level 3 of the Crypt
 65582 | Crypt:3  | Reached ****** piety under the Shining One
 65638 | Crypt:3  | Found a transporter.
 65639 | Crypt:3  | Found a transporter.
 65641 | Crypt:3  | Noticed Neiqej's ghost (legendary FoFi)
 65667 | Crypt:3  | Noticed Vetoew's ghost (veteran DsSu)
 65754 | Crypt:3  | Reached skill level 27 in Armour
 65820 | Crypt:3  | Found a staircase to the Tomb.
 66285 | Crypt:3  | Noticed a dread lich
 66285 | Crypt:3  | Noticed an ancient lich
 66343 | Crypt:3  | Killed an ancient lich
 66344 | Crypt:3  | Reached skill level 27 in Shields
 66347 | Crypt:3  | Killed a dread lich
 66418 | Crypt:3  | Identified the +4 rapier of Loel {flame, rPois rF+}
 66419 | Crypt:3  | Identified the +6 shortbow of Circularity {drain, Int+3
                  | Dex+3 Stlth+}
 67143 | Depths:2 | Voluntarily entered the Abyss.
 68000 | Abyss:3  | Found a burning altar of Makhleb.
 68214 | Abyss:3  | Reached XP level 26. HP: 266/266 MP: 33/33
 68384 | Abyss:3  | Gained mutation: You have sharp toenails. [a neqoxec]
 68398 | Abyss:3  | Noticed an ancient lich
 68404 | Abyss:3  | Killed an ancient lich
 68519 | Abyss:3  | Got an abyssal rune of Zot
 68703 | Abyss:3  | Found a corrupted altar of Lugonu.
 68706 | Depths:2 | Escaped the Abyss
 68809 | Hell     | Entered the Vestibule of Hell
 68809 | Hell     | Noticed Geryon
 68899 | Depths:2 | Reached skill level 27 in Dodging
 68917 | Hell     | Reached skill level 1 in Spellcasting
 68941 | Hell     | Killed Geryon
 69003 | Hell     | Found a gateway to the ashen valley of Gehenna.
 69070 | Hell     | Found a gateway to the decaying netherworld of Tartarus.
 69206 | Hell     | Found a gateway to the freezing wastes of Cocytus.
 69233 | Hell     | Was forgiven by Okawaru
 69473 | Hell     | Found a gateway to the Iron City of Dis.
 70058 | Lair:1   | Upgraded the game from 0.30-a0-779-g7971cf19c3 to
                  | 0.31-a0-95-g6fa058ef04
 70058 | Lair:1   | Quit the game

Illustrated notes

Levels and vault maps discovered:
D:1:      tarquinn_simple_flora_water_d, layout_rooms, serial_park_tiny_1
D:2:      layout_basic
D:3:      layout_rooms, lemuel_zombie_altar_yredelemnul,
          chequers_temple_overflow_statue_of_worship
D:4:      layout_basic, chequers_garden, uniq_duvessa
D:5:      layout_basic, nicolae_uskayaw_en_pointe,
          mainiacjoe_overflow_tiny_flanked, serial_shops, shop_scrolls,
          st_stairs_14, saegor_snake_ambush
D:6:      layout_loops_ring, minmay_temple_entry_statues, serial_bayou,
          serial_bayou_shore_a, serial_bayou_pond_e, serial_bayou_lake_a,
          serial_bayou_ford_a, uniq_crazy_yiuf_cottage, uniq_sigmund,
          uniq_eustachio
D:7:      layout_gridville, chequers_ossuary_entry_cave, minivault_10,
          uniq_maggie
D:8:      nzn_winding_woodlands_medium [nzn_winding_woodlands_5x5_checkerboard,
          nzn_winding_woodlands_5x15_eye, nzn_winding_woodlands_5x5_perimeter,
          nzn_winding_woodlands_5x5_closed_star,
          nzn_winding_woodlands_center_lodge, nzn_winding_woodlands_5x5_three,
          nzn_winding_woodlands_5x5_cross, nzn_winding_woodlands_5x15_jagged,
          nzn_winding_woodlands_hourglass], layout_loops_ring
D:9:      layout_roguey, mainiacjoe_overflow_chevrons, uniq_erolcha
D:10:     layout_rooms, due_lair_maze_entry_diamond, ebering_ghost_xom,
          serial_shops, nicolae_diamond_shop
D:11:     layout_cave_pods, minmay_microvault, uniq_amaemon
D:12:     layout_cave_pods, david_orc_5, gammafunk_ghost_necromancy,
          serial_shops, nicolae_shop_waterfront, uniq_frances
D:13:     layout_gridville, nicolae_tso_swordbearing_angel, uniq_rupert
D:14:     layout_gridville, ximxim_vaults_locker_room, nicolae_triple_integral,
          uniq_lodul
D:15:     gammafunk_depths_entry_grave, layout_basic
Temple:   hellmonk_temple_of_storms
Lair:1:   layout_layer_cave
Lair:2:   layout_loops_ring
Lair:3:   layout_misc_corridors, minmay_shoals_entry_centaurs,
          guppyfry_snake_entry_garden, uniq_nergalle
Lair:4:   layout_hall_layers, chequers_serial_rivers_room_a, lookout_lair_type
Lair:5:   cheibrodos_lair_end_hotspot, layout_loops_ring, slime_entry_2
Shoals:1: layout_shoals, nicolae_shoals_circle_sea_wall,
          nicolae_shoals_loop_pool
Shoals:2: layout_shoals, serial_shops, shop
Shoals:3: argonaut_golden_fleece, layout_shoals, serial_shops,
          nicolae_stop_n_shop_1
Shoals:4: shoals_end_grunt_ice, layout_shoals
Snake:1:  layout_grid_maze, st_stairs_11, nicolae_snake_guarding_the_ruins
Snake:2:  layout_rooms, nicolae_snake_gridmaze_waves
Snake:3:  layout_layer_cave, nicolae_snake_ghostly_warrior_ritual,
          serial_bayou_shore_b, uniq_vashnia, uniq_jorgrun, uniq_azrael,
          uniq_louise
Snake:4:  snake_pit, layout_cave_town, serial_bayou, serial_bayou_crossing,
          serial_bayou_pond_c, serial_bayou_shore_b, serial_bayou_lagoon_b,
          lemuel_fruit_tree, uniq_agnes
Orc:1:    layout_caves, nicolae_shop_overcharged_wands
Orc:2:    hellmonk_orc_salted, layout_diamond_mine, special_room
Elf:1:    eino_elf_arrival_customs, layout_geoelf_grid, evilmike_minifort,
          serial_sigils_hangedman_gnaw
Elf:2:    nicolae_elf_blades_splatter_lattice [grunt_blade_entry_basic],
          layout_geoelf_octagon, serial_shops,
          nicolae_shop_competitors_out_of_business, serial_glass,
          glass_columns_c, glass_columns_a, glass_columns_a, glass_columns_b,
          glass_columns_a, minivault_24, minmay_shop_grove
Elf:3:    minmay_elf_hall_spiked, layout_loops_cross, serial_shops,
          nicolae_shop_trees
Vaults:1: vaults_room_glass_cross, vaults_room_stairs_pillars,
          vaults_room_grunt_arrival_ludios, v_rooms_2, v_misc_30, v_misc_18,
          nicolae_vaults_network_quinsquares
          [nicolae_vaults_network_quincunx_subvault,
          nicolae_vaults_network_quincunx_subvault,
          nicolae_vaults_network_quincunx_subvault,
          nicolae_vaults_network_quincunx_subvault],
          nicolae_vaults_ring_of_whatevers, vaults_room_hallway,
          layout_vaults_quadrants, uniq_donald, uniq_saint_roka
Vaults:2: ontoclasm_vaults_gateway, minmay_crypt_entry_skeletal_spiral,
          ontoclasm_vaults_ligature, vaults_dpeg_cross,
          hangedman_vaults_variations, v_misc_22,
          nicolae_vaults_little_squares_3, grunt_vaults_focal,
          hangedman_vaults_hat, vaults_room_pools,
          nicolae_vaults_yaktaur_gun_rack, layout_vaults_ring, uniq_mara
Vaults:3: v_misc_5, hangedman_vaults_corner_blocks, vaults_mumra_hexcomb,
          nicolae_vaults_circle_grid_a, vaults_room_pool, v_misc_16,
          serial_ice_b, nicolae_vaults_puzzle_piece, ontoclasm_vaults_twist,
          nicolae_vaults_hallways_thing, nicolae_vaults_little_squares_6,
          hangedman_vaults_cutoff, grunt_vaults_funnel,
          vaults_dpeg_encased_lava, layout_vaults_omnicross, serial_shops,
          bzr_entry_gold, uniq_nikola, uniq_margery
Vaults:4: st_spiral_rooms, nicolae_vaults_network_barrier, vaults_mumra_chevron,
          v_misc_14, nicolae_vaults_puzzle_piece, hangedman_vaults_capsules,
          v_pattern_3, hangedman_vaults_stream,
          nicolae_vaults_twisting_passages, hangedman_vaults_stretched_pinwheel,
          layout_vaults_omnibox
Vaults:5: uniq_boris
Crypt:1:  layout_misc_corridors, grunt_crypt_arrival_split
Crypt:2:  gammafunk_its_a_trap, layout_misc_corridors, mu_enter_wizlab_1
Crypt:3:  david_glass_crypt, layout_chaotic_city, nzn_ghost_randoct
Depths:1: layout_big_octagon, enter_ziggurat_d, minmay_misc_feat_five,
          hellmouth_1, slow_altar_2
Depths:2: hangedman_screamer, layout_long_grid,
          grunt_dithmenos_smoke_and_mirrors, abyss_entry, hell_entry,
          rand_demon_pan_entry_5, grunt_megastairs_3
Depths:3: nicolae_hitomezashi [nicolae_hito_row, nicolae_hito_row,
          nicolae_hito_row, nicolae_hito_row, nicolae_hito_row,
          nicolae_hito_row, nicolae_hito_row, nicolae_hito_row,
          nicolae_hito_row, nicolae_hito_row, nicolae_hito_row,
          nicolae_hito_row, nicolae_hito_row, nicolae_hito_row,
          nicolae_hito_row, nicolae_hito_row, nicolae_hito_row,
          nicolae_hito_row], layout_basic, abyss_entry_crystal,
          grunt_hell_horde, minmay_evil_grid
Depths:4: evilmike_zot_entry_hall, layout_cave_shapes, abandoned_shop,
          grunt_hell_entry_dis_grunt, abyss_entry, serial_shops, shop,
          minmay_misc_feat_roman, grunt_megastairs_4
Hell
Zot:1:    layout_onion
Zot:2:    layout_concentric_octagons, skrybe_zot_glass_2
Zot:3:    kennysheep_room_grid, layout_gridville
Zot:4:    lemuel_draconian_sentries_small, layout_onion, grunt_megastairs_5,
          uniq_josephina

Skill      XL: |  1  2  3  4  5  6  7  8  9 10 11 12 13 14 15 16 17 18 19 20 21 22 23 24 25 26 |
---------------+-------------------------------------------------------------------------------+-----
Axes           | 3 5 7 9 11 15 | 15.9
Armour         | 4 9 11 12 13 15 16 18 19 20 21 22 23 24 26 27 | 27.0
Shields        | 9 10 11 13 14 16 17 18 20 21 22 23 24 26 27 | 27.0
Fighting       | 11 12 13 15 16 18 19 20 22 24 25 26 27 | 27.0
Maces & Flails | 1 6 |  6.0
Invocations    | 1 9 11 | 11.6
Dodging        | 4 7 10 12 13 15 16 17 18 20 21 22 25 27 | 27.0
Spellcasting   | 4 |  4.8

Action                     |  1- 3 |  4- 6 |  7- 9 | 10-12 | 13-15 | 16-18 | 19-21 | 22-24 | 25-27 || total
---------------------------+-------+-------+-------+-------+-------+-------+-------+-------+-------++-------
  Melee: War axe           |    52 |   110 |   361 |   662 |   133 |       |       |       |       ||  1318
         Headbutt          |     3 |    22 |    76 |   147 |   256 |   326 |   447 |   519 |   486 ||  2282
         Broad axe         |       |       |       |       |   818 |  1263 |  1411 |  1571 |  1293 ||  6356
         Demon whip        |       |       |       |       |    35 |       |       |       |       ||    35
  Throw: Boomerang         |       |       |     1 |     2 |       |       |       |     1 |       ||     4
 Invoke: Heroism           |       |       |     1 |     7 |     5 |     1 |       |       |       ||    14
         Finesse           |       |       |       |     2 |     5 |       |       |       |       ||     7
         Summon Divine War |       |       |       |       |       |       |       |       |     2 ||     2
         Cleansing Flame   |       |       |       |       |       |       |       |       |     2 ||     2
  Evoke: Wand              |       |       |     4 |    19 |       |       |       |       |     1 ||    24
    Use: Scroll            |     2 |     4 |     8 |     4 |     4 |     5 |     6 |     7 |     5 ||    45
         Potion            |     1 |     7 |     8 |     5 |     9 |     1 |     1 |       |       ||    32
   Stab: Invisible         |       |       |     3 |       |       |       |       |       |       ||     3
         Confused          |       |       |       |       |       |       |       |     4 |       ||     4
 Armour: Scale mail        |    22 |    46 |     3 |       |       |       |       |       |       ||    71
         Plate armour      |       |       |   159 |   397 |   362 |   319 |   384 |   182 |       ||  1803
         Gold dragon scale |       |       |       |       |       |       |       |   248 |   258 ||   506
  Dodge: Dodged            |    30 |    47 |    84 |   175 |   253 |   387 |   505 |   551 |   464 ||  2496
  Block: Buckler           |    15 |    32 |    69 |   192 |   100 |       |       |       |       ||   408
         Tower shield      |       |       |       |       |   711 |  1510 |  1698 |  1745 |  1498 ||  7162
         Reflection        |       |       |       |       |    84 |   166 |    89 |    55 |    44 ||   438

Table legend: (Time is in decaauts)
 A = Elapsed time spent in this place.
 B = Non-inter-level travel time spent in this place.
 C = Inter-level travel time spent in this place.
 D = Time resting spent in this place.
 E = Time spent auto-exploring this place.
 F = Levels seen in this place.
 G = Mean time per level.
                   A        B        C        D        E       F      G
               +--------+--------+--------+--------+--------+-----+--------+
         Total |  69486 |  63164 |   6322 |  11928 |  30435 |  57 | 1219.1 |
       Dungeon |  22334 |  19303 |   3031 |   5391 |   8811 |  15 | 1488.9 |
        Temple |     47 |     41 |      6 |      0 |     19 |   1 |   47.0 |
          Lair |   6542 |   5636 |    906 |    961 |   3339 |   5 | 1308.4 |
        Shoals |   5296 |   5151 |    145 |   1039 |   2331 |   4 | 1324.0 |
     Snake Pit |   5625 |   5369 |    256 |    835 |   2604 |   4 | 1406.2 |
  Orcish Mines |   1447 |   1303 |    144 |     20 |    794 |   2 |  723.5 |
   Elven Halls |   3641 |   3396 |    245 |    347 |   1845 |   3 | 1213.7 |
        Vaults |   7626 |   7137 |    489 |    902 |   3619 |   5 | 1525.2 |
         Crypt |   3057 |   2905 |    152 |    433 |   1405 |   3 | 1019.0 |
        Depths |   5654 |   4908 |    746 |    734 |   2137 |   4 | 1413.5 |
          Hell |    898 |    874 |     24 |    104 |    465 |   1 |  898.0 |
           Zot |   4814 |   4642 |    172 |    935 |   2421 |   4 | 1203.5 |
         Abyss |   1444 |   1444 |      0 |    110 |    201 |   3 |  481.3 |
        Bazaar |     56 |     56 |      0 |      0 |     19 |   1 |   56.0 |
       Ossuary |    498 |    498 |      0 |     34 |    247 |   1 |  498.0 |
        Wizlab |    500 |    500 |      0 |     79 |    175 |   1 |  500.0 |
               +--------+--------+--------+--------+--------+-----+--------+

Top non-repeatable levels by time:
     D:6: 2656 daAuts
    D:12: 2557 daAuts
Vaults:4: 2188 daAuts
    D:14: 2133 daAuts
Depths:4: 1863 daAuts
    D:11: 1779 daAuts
     D:8: 1748 daAuts
 Snake:3: 1746 daAuts
    D:10: 1727 daAuts
 Snake:4: 1706 daAuts
  Lair:3: 1691 daAuts
     D:5: 1687 daAuts
  Lair:5: 1671 daAuts
Shoals:4: 1659 daAuts
   Elf:3: 1655 daAuts
